TOP OF THE 1ST |
Pittsburgh Pirates batting - Pitching for Atlanta Braves : RHP Casey Jones
|
Pitching: RHP Casey Jones
|
|
Batting: RHB Chiel Palstermans
|
0-0: Ball 1-0: Foul Ball, location: 2F 1-1: Swinging Strike 1-2: Strikes out looking
|
Batting: RHB David Contreras
|
0-0: Called Strike 0-1: Ball 1-1: Ball 2-1: Swinging Strike 2-2: Foul Ball, location: 2F 2-2: Ball 3-2: Strikes out swinging
|
Batting: SHB Marvin McAleer
|
0-0: Ball 1-0: Ball 2-0: SINGLE (Groundball, 56S, EV 61.9 MPH) (infield hit)
|
Batting: LHB Brad Pepin
|
0-0: Swinging Strike 0-1: Foul Ball, location: 2F 0-2: Foul Ball, location: 2F 0-2: Strikes out looking
|
Top of the 1st over - 0 runs, 1 hit, 0 errors, 1 left on base; Pittsburgh 0 - Atlanta 0 |
BOTTOM OF THE 1ST |
Atlanta Braves batting - Pitching for Pittsburgh Pirates : RHP Rogelio Nunez
|
Pitching: RHP Rogelio Nunez
|
|
Batting: RHB Yasuhide Kasahara
|
0-0: Ball 1-0: Swinging Strike 1-1: Ball 2-1: Ball 3-1: Called Strike 3-2: Foul Ball, location: 2F 3-2: SINGLE (Line Drive, 89S, EV 91.9 MPH)
|
Batting: RHB Kevin Howard
|
0-0: Hit by Pitch Yasuhide Kasahara to second
|
Batting: RHB Jeckel Hester
|
0-0: Foul Ball, location: 2F 0-1: Swinging Strike 0-2: Strikes out swinging
|
Batting: RHB Ike Trout
|
0-0: Foul Ball, location: 2F 0-1: SINGLE (Groundball, 4M, EV 81.2 MPH) (infield hit) Yasuhide Kasahara to third Kevin Howard to second
|
Batting: LHB Erik Gretzky
|
0-0: Ball 1-0: Ball 2-0: Called Strike 2-1: Foul Ball, location: 2F 2-2: Foul Ball, location: 2F 2-2: Ball 3-2: Grounds into double play, 4-6-3 (Groundball, 4M, EV 84.4 MPH)
|
Bottom of the 1st over - 0 runs, 2 hits, 0 errors, 2 left on base; Pittsburgh 0 - Atlanta 0 |
TOP OF THE 2ND |
Pittsburgh Pirates batting - Pitching for Atlanta Braves : RHP Casey Jones
|
Batting: RHB Jorge Severiano
|
0-0: Called Strike 0-1: Ball 1-1: Ball 2-1: Foul Ball, location: 2F 2-2: Ball 3-2: Strikes out swinging
|
Batting: LHB Xavier Pittman
|
0-0: Ball 1-0: Ball 2-0: Called Strike 2-1: Ball 3-1: Called Strike 3-2: Fly out, F6 (Popup, 6MS, EV 69.4 MPH)
|
Batting: RHB Andrew Robinson
|
0-0: Ball 1-0: Called Strike 1-1: Ground out 6-3 (Groundball, 6, EV 83.1 MPH)
|
Top of the 2nd over - 0 runs, 0 hits, 0 errors, 0 left on base; Pittsburgh 0 - Atlanta 0 |
BOTTOM OF THE 2ND |
Atlanta Braves batting - Pitching for Pittsburgh Pirates : RHP Rogelio Nunez
|
Batting: SHB Terry Tuckfard
|
0-0: Swinging Strike 0-1: DOUBLE (Flyball, 89XD, EV 116.2 MPH)
|
Batting: LHB Luis Magdaleno
|
0-0: Ball Terry Tuckfard steals 3rd base 1-0: Ground out U3 (Groundball, 34, EV 90.6 MPH) Terry Tuckfard scores
|
Batting: RHB Bobby Ayala
|
0-0: Ball 1-0: Called Strike 1-1: Ball 2-1: Ball 3-1: Called Strike 3-2: Base on Balls
|
Batting: RHB Liangde Li
|
0-0: Ball 1-0: Foul Ball, location: 2F 1-1: Ball 2-1: Foul Ball, location: 2F 2-2: Strikes out looking
|
Batting: RHB Yasuhide Kasahara
|
0-0: Called Strike 0-1: Ball 1-1: Ground out U3 (Groundball, 3, EV 107.5 MPH)
|
Bottom of the 2nd over - 1 run, 1 hit, 0 errors, 1 left on base; Pittsburgh 0 - Atlanta 1 |
TOP OF THE 3RD |
Pittsburgh Pirates batting - Pitching for Atlanta Braves : RHP Casey Jones
|
Batting: RHB Jason Moss
|
0-0: Ball 1-0: Called Strike 1-1: Ball 2-1: Ball 3-1: Ground out 3-1 (Groundball, 34, EV 81.9 MPH)
|
Batting: SHB Brad Day
|
0-0: Ball 1-0: Fly out, F4 (Popup, 3S, EV 84.4 MPH)
|
Batting: RHB Chiel Palstermans
|
0-0: Ball 1-0: Foul Ball, location: 2F 1-1: Ball 2-1: Called Strike 2-2: Strikes out looking
|
Top of the 3rd over - 0 runs, 0 hits, 0 errors, 0 left on base; Pittsburgh 0 - Atlanta 1 |
BOTTOM OF THE 3RD |
Atlanta Braves batting - Pitching for Pittsburgh Pirates : RHP Rogelio Nunez
|
Batting: RHB Kevin Howard
|
0-0: Ball 1-0: Ball 2-0: Called Strike 2-1: Swinging Strike 2-2: Ball 3-2: Base on Balls
|
Batting: RHB Jeckel Hester
|
0-0: Called Strike 0-1: Fly out, F9 (Line Drive, 89M, EV 86.2 MPH)
|
Batting: RHB Ike Trout
|
0-0: Called Strike 0-1: Grounds into double play, 6-4-3 (Groundball, 6, EV 103.8 MPH)
|
Bottom of the 3rd over - 0 runs, 0 hits, 0 errors, 0 left on base; Pittsburgh 0 - Atlanta 1 |
TOP OF THE 4TH |
Pittsburgh Pirates batting - Pitching for Atlanta Braves : RHP Casey Jones
|
Batting: RHB David Contreras
|
0-0: Ball 1-0: Fly out, F2 (Popup, 2RF, EV 89.4 MPH)
|
Batting: SHB Marvin McAleer
|
0-0: Called Strike 0-1: Swinging Strike 0-2: Ball 1-2: Ball 2-2: Ball 3-2: SINGLE (Groundball, 5L, EV 96.9 MPH)
|
Batting: LHB Brad Pepin
|
Pickoff Throw to First - Out! 1-3 0-0: Called Strike 0-1: Foul Ball, location: 2F 0-2: Foul Ball, location: 2F 0-2: Ball 1-2: Foul Ball, location: 2F 1-2: Strikes out swinging
|
Top of the 4th over - 0 runs, 1 hit, 0 errors, 0 left on base; Pittsburgh 0 - Atlanta 1 |
BOTTOM OF THE 4TH |
Atlanta Braves batting - Pitching for Pittsburgh Pirates : RHP Rogelio Nunez
|
Batting: LHB Erik Gretzky
|
0-0: Ball 1-0: Ball 2-0: Ball 3-0: Called Strike 3-1: Foul Ball, location: 2F 3-2: Foul Ball, location: 2F 3-2: Fly out, F8 (Flyball, 8RM, EV 86.9 MPH)
|
Batting: SHB Terry Tuckfard
|
0-0: Ball 1-0: Ball 2-0: Called Strike 2-1: Foul Ball, location: 2F 2-2: Ball 3-2: Base on Balls
|
Batting: LHB Luis Magdaleno
|
0-0: Ball Terry Tuckfard steals 2nd base 1-0: Ball 2-0: Ball 3-0: Called Strike 3-1: Base on Balls
|
Batting: RHB Bobby Ayala
|
0-0: Grounds into double play, 3-6-3 (Groundball, 34, EV 76.2 MPH)
|
Bottom of the 4th over - 0 runs, 0 hits, 0 errors, 1 left on base; Pittsburgh 0 - Atlanta 1 |
TOP OF THE 5TH |
Pittsburgh Pirates batting - Pitching for Atlanta Braves : RHP Casey Jones
|
Batting: RHB Jorge Severiano
|
0-0: SINGLE (Groundball, 6MD, EV 95.0 MPH)
|
Batting: LHB Xavier Pittman
|
0-0: Grounds into double play, 4-6-3 (Groundball, 34, EV 105.0 MPH)
|
Batting: RHB Andrew Robinson
|
0-0: Swinging Strike 0-1: Called Strike 0-2: Ball 1-2: Strikes out looking
|
Top of the 5th over - 0 runs, 1 hit, 0 errors, 0 left on base; Pittsburgh 0 - Atlanta 1 |
BOTTOM OF THE 5TH |
Atlanta Braves batting - Pitching for Pittsburgh Pirates : RHP Rogelio Nunez
|
Batting: RHB Liangde Li
|
0-0: Called Strike 0-1: Ground out 5-3 (Groundball, 5, EV 98.1 MPH)
|
Batting: RHB Yasuhide Kasahara
|
0-0: Ball 1-0: Ball 2-0: Ball 3-0: Base on Balls
|
Batting: RHB Kevin Howard
|
0-0: Ball 1-0: Ball 2-0: Called Strike 2-1: Called Strike 2-2: Ball 3-2: Foul Ball, location: 2F 3-2: Base on Balls Yasuhide Kasahara to second
|
Batting: RHB Jeckel Hester
|
0-0: Ball 1-0: Ball 2-0: Ball 3-0: Called Strike 3-1: Grounds into double play, 4-6-3 (Groundball, 4, EV 90.0 MPH)
|
Bottom of the 5th over - 0 runs, 0 hits, 0 errors, 1 left on base; Pittsburgh 0 - Atlanta 1 |
TOP OF THE 6TH |
Pittsburgh Pirates batting - Pitching for Atlanta Braves : RHP Casey Jones
|
Batting: RHB Jason Moss
|
0-0: Called Strike 0-1: Swinging Strike 0-2: Strikes out looking
|
Batting: SHB Brad Day
|
0-0: Ball 1-0: Ball 2-0: Foul Ball, location: 2F 2-1: TRIPLE (Flyball, 89XD, EV 108.1 MPH)
|
Batting: RHB Chiel Palstermans
|
0-0: Foul Ball, location: 2F 0-1: Fly out, F8 (Flyball, 8RXD, EV 91.2 MPH) Runner from 3rd tags up, SCORES, no throw by CF
|
Batting: RHB David Contreras
|
0-0: Ball 1-0: Called Strike 1-1: Foul Ball, location: 2F 1-2: Ball 2-2: Ball 3-2: Base on Balls
|
Batting: SHB Marvin McAleer
|
0-0: Ball 1-0: Ball 2-0: Foul Ball, location: 2F 2-1: Swinging Strike 2-2: Strikes out swinging
|
Top of the 6th over - 1 run, 1 hit, 0 errors, 1 left on base; Pittsburgh 1 - Atlanta 1 |
BOTTOM OF THE 6TH |
Atlanta Braves batting - Pitching for Pittsburgh Pirates : RHP Rogelio Nunez
|
Batting: RHB Ike Trout
|
0-0: Swinging Strike 0-1: Swinging Strike 0-2: Ball 1-2: DOUBLE (Line Drive, 89XD, EV 100.0 MPH)
|
Batting: LHB Erik Gretzky
|
0-0: Called Strike 0-1: SINGLE (Line Drive, 34D, EV 98.1 MPH) Ike Trout to third
|
Batting: SHB Terry Tuckfard
|
0-0: Foul Ball, location: 2F 0-1: Ball 1-1: Ball 2-1: Fly out, F8 (Flyball, 89D, EV 98.1 MPH) Runner from 3rd tags up, SCORES, throw by CF
|
Pitching: RHP Justin West
|
|
Batting: LHB Luis Magdaleno
|
0-0: Ball 1-0: Fly out, F6 (Line Drive, 6, EV 65.0 MPH)
|
Batting: RHB Bobby Ayala
|
0-0: Ground out 4-3 (Groundball, 4D, EV 105.0 MPH)
|
Bottom of the 6th over - 1 run, 2 hits, 0 errors, 1 left on base; Pittsburgh 1 - Atlanta 2 |
TOP OF THE 7TH |
Pittsburgh Pirates batting - Pitching for Atlanta Braves : RHP Casey Jones
|
Batting: LHB Brad Pepin
|
0-0: Ball 1-0: Swinging Strike 1-1: Swinging Strike 1-2: Strikes out looking
|
Batting: RHB Jorge Severiano
|
0-0: Ball 1-0: Foul Ball, location: 2F 1-1: Foul Ball, location: 2F 1-2: Ball 2-2: Ground out 6-3 (Groundball, 56, EV 80.0 MPH)
|
Batting: LHB Xavier Pittman
|
0-0: Called Strike 0-1: Ball 1-1: Ball 2-1: Ground out 4-3 (Groundball, 4, EV 101.9 MPH)
|
Top of the 7th over - 0 runs, 0 hits, 0 errors, 0 left on base; Pittsburgh 1 - Atlanta 2 |
BOTTOM OF THE 7TH |
Atlanta Braves batting - Pitching for Pittsburgh Pirates : RHP Justin West
|
Batting: RHB Liangde Li
|
0-0: Called Strike 0-1: Ball 1-1: Foul Ball, location: 2F 1-2: Ball 2-2: Ball 3-2: Base on Balls
|
Batting: RHB Yasuhide Kasahara
|
0-0: Ball Liangde Li steals 2nd base 1-0: Ground out 6-3 (Groundball, 6, EV 79.4 MPH) Liangde Li to third
|
Batting: RHB Kevin Howard
|
0-0: Ground out 4-3 (Groundball, 4, EV 103.1 MPH)
|
Batting: RHB Jeckel Hester
|
0-0: Ball 1-0: Swinging Strike 1-1: Ball 2-1: Swinging Strike 2-2: Foul Ball, location: 2F 2-2: Ball 3-2: Fly out, F8 (Flyball, 89D, EV 86.9 MPH)
|
Bottom of the 7th over - 0 runs, 0 hits, 0 errors, 1 left on base; Pittsburgh 1 - Atlanta 2 |
TOP OF THE 8TH |
Pittsburgh Pirates batting - Pitching for Atlanta Braves : RHP Casey Jones
|
Batting: RHB Andrew Robinson
|
0-0: Ball 1-0: Ball 2-0: Fly out, F7 (Flyball, 7LSF, EV 86.9 MPH)
|
Pinch Hitting: LHB Chris Salim
|
0-0: Ball 1-0: Called Strike 1-1: Ball 2-1: Ball 3-1: Foul Ball, location: 2F 3-2: Foul Ball, location: 2F 3-2: Foul Ball, location: 2F 3-2: Foul Ball, location: 2F 3-2: Fly out, F9 (Flyball, 9D, EV 92.5 MPH)
|
Pitching: LHP Shingo Miura
|
|
Batting: SHB Brad Day
|
0-0: Ball 1-0: Ball 2-0: Called Strike 2-1: Swinging Strike 2-2: Foul Ball, location: 2F 2-2: Strikes out looking
|
Top of the 8th over - 0 runs, 0 hits, 0 errors, 0 left on base; Pittsburgh 1 - Atlanta 2 |
BOTTOM OF THE 8TH |
Atlanta Braves batting - Pitching for Pittsburgh Pirates : RHP Justin West
|
Now in LF: Chris Salim
|
|
Batting: RHB Ike Trout
|
0-0: Foul Ball, location: 2F 0-1: Ball 1-1: Foul Ball, location: 2F 1-2: Ball 2-2: Ball 3-2: Base on Balls
|
Batting: LHB Erik Gretzky
|
0-0: Called Strike 0-1: Ball 1-1: Called Strike 1-2: Ball Wild Pitch! Ike Trout to second 2-2: Ball 3-2: Base on Balls
|
Batting: SHB Terry Tuckfard
|
0-0: Sac Bunt to P - play at first, batter OUT! 1-4 Ike Trout to third Erik Gretzky to second
|
Batting: LHB Luis Magdaleno
|
0-0: Foul Ball, location: 2F 0-1: Ball 1-1: Swinging Strike 1-2: Strikes out swinging
|
Batting: RHB Bobby Ayala
|
0-0: Intentional Walk
|
Batting: RHB Liangde Li
|
0-0: Ground out 4-3 (Groundball, 4, EV 79.4 MPH)
|
Bottom of the 8th over - 0 runs, 0 hits, 0 errors, 3 left on base; Pittsburgh 1 - Atlanta 2 |
TOP OF THE 9TH |
Pittsburgh Pirates batting - Pitching for Atlanta Braves : LHP Shingo Miura
|
Pitching: RHP Victor Munoz
|
|
Batting: RHB Chiel Palstermans
|
0-0: Ball 1-0: Called Strike 1-1: Ball 2-1: Ball 3-1: Base on Balls
|
Batting: RHB David Contreras
|
0-0: Sac Bunt to 3S - play at first, batter OUT! 3-1 Chiel Palstermans to second
|
Batting: SHB Marvin McAleer
|
0-0: Called Strike 0-1: SINGLE (Groundball, 3D, EV 93.8 MPH) Chiel Palstermans to third Runner from 3rd tries for Home, SAFE, throw by RF to home
|
Batting: LHB Brad Pepin
|
0-0: Called Strike 0-1: Swinging Strike 0-2: Ball 1-2: Ball 2-2: Strikes out swinging Marvin McAleer steals 2nd base Batter strikes out.
|
Batting: RHB Jorge Severiano
|
0-0: Ball 1-0: Ball 2-0: Ball 3-0: Base on Balls
|
Batting: LHB Xavier Pittman
|
0-0: Ball 1-0: Called Strike 1-1: Foul Ball, location: 2F 1-2: Ball 2-2: Strikes out swinging
|
Top of the 9th over - 1 run, 1 hit, 0 errors, 2 left on base; Pittsburgh 2 - Atlanta 2 |
BOTTOM OF THE 9TH |
Atlanta Braves batting - Pitching for Pittsburgh Pirates : RHP Justin West
|
Pitching: RHP Walt Quinn
|
|
Batting: RHB Yasuhide Kasahara
|
0-0: Ball 1-0: Ball 2-0: Called Strike 2-1: Ground out 4-3 (Groundball, 4, EV 88.1 MPH)
|
Batting: RHB Kevin Howard
|
0-0: Ball 1-0: Ball 2-0: Fly out, F9 (Flyball, 9LM, EV 78.8 MPH)
|
Batting: RHB Jeckel Hester
|
0-0: Ball 1-0: Ball 2-0: Foul Ball, location: 2F 2-1: Foul Ball, location: 2F 2-2: Foul Ball, location: 2F 2-2: Ball 3-2: Strikes out swinging
|
Bottom of the 9th over - 0 runs, 0 hits, 0 errors, 0 left on base; Pittsburgh 2 - Atlanta 2 |
TOP OF THE 10TH |
Pittsburgh Pirates batting - Pitching for Atlanta Braves : RHP Victor Munoz
|
Pitching: RHP Troy Baker
|
|
Batting: RHB Andrew Robinson
|
0-0: Fly out, F9 (Flyball, 9LS, EV 91.2 MPH)
|
Batting: LHB Chris Salim
|
0-0: Ball 1-0: Foul Ball, location: 2F 1-1: Ball 2-1: Ball 3-1: SINGLE (Groundball, 4D, EV 103.8 MPH)
|
Batting: SHB Brad Day
|
0-0: Ball 1-0: Ball 2-0: Called Strike 2-1: Swinging Strike 2-2: Strikes out swinging
|
Batting: RHB Chiel Palstermans
|
0-0: Called Strike 0-1: Fielders Choice at 2nd, 5-4 (Groundball, 56, EV 83.1 MPH)
|
Top of the 10th over - 0 runs, 1 hit, 0 errors, 1 left on base; Pittsburgh 2 - Atlanta 2 |
BOTTOM OF THE 10TH |
Atlanta Braves batting - Pitching for Pittsburgh Pirates : RHP Walt Quinn
|
Pitching: RHP Jeremy Kennie
|
|
Batting: RHB Ike Trout
|
0-0: Foul Ball, location: 2F 0-1: Ball 1-1: Foul Ball, location: 2F 1-2: Foul Ball, location: 2F 1-2: Ball 2-2: Ball 3-2: Strikes out looking
|
Batting: LHB Erik Gretzky
|
0-0: Swinging Strike 0-1: Ball 1-1: Foul Ball, location: 2F 1-2: Ball 2-2: Strikes out looking
|
Batting: SHB Terry Tuckfard
|
0-0: Called Strike 0-1: Ball 1-1: Ball 2-1: Swinging Strike 2-2: Foul Ball, location: 2F 2-2: Strikes out swinging
|
Bottom of the 10th over - 0 runs, 0 hits, 0 errors, 0 left on base; Pittsburgh 2 - Atlanta 2 |
TOP OF THE 11TH |
Pittsburgh Pirates batting - Pitching for Atlanta Braves : RHP Troy Baker
|
Batting: RHB David Contreras
|
0-0: Ball 1-0: Foul Ball, location: 2F 1-1: Swinging Strike 1-2: Strikes out swinging
|
Batting: SHB Marvin McAleer
|
0-0: Foul Ball, location: 2F 0-1: Foul Ball, location: 2F 0-2: Ball 1-2: Foul Ball, location: 2F 1-2: Fly out, F5 (Popup, 56S, EV 81.2 MPH)
|
Batting: LHB Brad Pepin
|
0-0: Ball 1-0: Foul Ball, location: 2F 1-1: Ball 2-1: Ground out 1-3 (Groundball, 13S, EV 60.6 MPH)
|
Top of the 11th over - 0 runs, 0 hits, 0 errors, 0 left on base; Pittsburgh 2 - Atlanta 2 |
BOTTOM OF THE 11TH |
Atlanta Braves batting - Pitching for Pittsburgh Pirates : RHP Jeremy Kennie
|
Batting: LHB Luis Magdaleno
|
0-0: Fly out, F8 (Flyball, 8LXD, EV 108.1 MPH)
|
Batting: RHB Bobby Ayala
|
0-0: Ball 1-0: SOLO HOME RUN (Flyball, 7LD, EV 97.5 MPH), Distance : 356 ft
|
Bottom of the 11th over - 1 run, 1 hit, 0 errors, 0 left on base; Pittsburgh 2 - Atlanta 3 |
|